 Dungeon Crawl Stone Soup version 0.27-a0-1232-gc6a4cbde82 (webtiles) character file.

Game seed: 14972423286383556263

30 patchburns1 the Skirmisher (level 3, -3/33 HPs)
             Began as a Hill Orc Fighter on June 8, 2021.
             Killed from afar by Sigmund (13 damage)
             ... with a puff of flame
             ... on level 2 of the Dungeon.
             The game lasted 00:03:41 (1375 turns).

patchburns1 the Skirmisher (Hill Orc Fighter)       Turns: 1375, Time: 00:03:41

Health: -3/33      AC:  9    Str: 18    XL:     3   Next: 18%
Magic:  3/3        EV:  9    Int:  9    God:
Gold:   39         SH:  9    Dex: 10    Spells: 2/2 levels left

rFire    . . .     SeeInvis .   a - +0 war axe
rCold    . . .     Faith    .   c - +0 kite shield
rNeg     . . .     Spirit   .   g - +0 chain mail
rPois    .         Reflect  .   (no helmet)
rElec    .         Harm     .   (no cloak)
rCorr    .         Rampage  .   (no gloves)
Will     .....                  (no boots)
Stlth    ..........             (no amulet)
HPRegen  0.11/turn              f - +4 ring of evasion
MPRegen  0.08/turn              (no ring)

@: no status effects
A: no striking features
a: no special abilities


You were on level 2 of the Dungeon.
You visited 1 branch of the dungeon, and saw 2 of its levels.

You collected 39 gold pieces.

Inventory:

Hand Weapons
 a - a +0 war axe (weapon)
 b - a +0 hunting sling
Missiles
 e - 4 atropa-tipped darts (quivered)
Armour
 c - a +0 kite shield (worn)
 g - a +0 chain mail (worn)
Jewellery
 f - a +4 ring of evasion (left hand)
Potions
 d - a potion of might


   Skills:
 + Level 4.2 Fighting
 + Level 3.2 Axes
 + Level 3.6 Armour
 + Level 0.2 Dodging
 + Level 3.4 Shields


You had 2 spell levels left.
You didn't know any spells.
Your spell library was empty.

Dungeon Overview and Level Annotations

Branches:
Dungeon (2/15)

Altars:

Annotations:
D:2 Sigmund


Message History

Your chain mail prevents you from hitting Sigmund.
You block Sigmund's attack. Sigmund closely misses you.
You barely miss Sigmund. Sigmund hits you but does no damage.
You hit Sigmund.
Sigmund is lightly wounded.
Sigmund barely misses you.
Sigmund breathes a few words.
Sigmund's hands start flickering wildly.
You block Sigmund's attack.
You closely miss Sigmund.
Sigmund is lightly wounded.
You block Sigmund's attack. Sigmund hits you but does no damage.
You hit Sigmund.
Sigmund is moderately wounded.
You block Sigmund's attack.
You hit Sigmund.
Sigmund is heavily wounded.
Sigmund barely misses you. You block Sigmund's attack.
You hit Sigmund but do no damage.
Sigmund is heavily wounded.
You block Sigmund's attack.
You hit Sigmund but do no damage.
Sigmund is heavily wounded.
Sigmund points at you and mumbles some strange words.
The magic dart hits you.
Sigmund mumbles some strange words.
Sigmund flickers and vanishes!
Deactivating autopickup; reactivate with Ctrl-A.
You miss something. Something hits you. Something hits you!
You closely miss something. You block something's attack.
You closely miss something. You block something's attack.
You hear some strange, mumbled words.
A puff of flame appears from out of thin air!
The puff of flame hits you!
You closely miss something. Something hits you but does no damage.
You barely miss something.
You hear some strange, mumbled words.
A puff of flame appears from out of thin air!
The puff of flame hits you!
You die...

###########
..(......#
#.......#
#<......##.#
#..<.......#
#...>.#####
##))..#
#.@...#
#..{.....#
#.#......#
#...(....#
####.....#
......#
#.....#
#.....+


There were no monsters in sight!

Vanquished Creatures
  2 dart slugs (D:1)
  4 endoplasms (D:1)
  2 giant cockroaches (D:1)
  2 goblins (D:1)
  3 hobgoblins (D:1)
  3 kobolds
  A quokka (D:1)
  2 ball pythons (D:1)
  2 bats (D:1)
  2 frilled lizards (D:1)
  2 toadstools (D:1)
25 creatures vanquished.

Vanquished Creatures (others)
  12 toadstools (D:1)
12 creatures vanquished.

Grand Total: 37 creatures vanquished

Notes
Turn   | Place    | Note
-------+----------+-------------------------------------------
     0 | D:1      | patchburns1 the Hill Orc Fighter began the quest for the
                  | Orb.
     0 | D:1      | Reached XP level 1. HP: 19/19 MP: 1/1
   165 | D:1      | Reached skill level 4 in Fighting
   165 | D:1      | Reached XP level 2. HP: 26/27 MP: 2/2
   275 | D:1      | Found a faded altar of an unknown god.
   340 | D:1      | Reached XP level 3. HP: 33/33 MP: 3/3
   954 | D:2      | Noticed Sigmund
  1375 | D:2      | Killed from afar by Sigmund

Illustrated notes

Levels and vault maps discovered:
D:1:      nagdon_arrival_zigzag_paths, layout_rooms,
          ebering_ecumenical_altar_abandoned
D:2:      layout_basic, uniq_sigmund, uniq_crazy_yiuf_cottage

Skill      XL: |  1  2 |
---------------+-------+-----
Fighting       | 4 |  4.2
Axes           | 3 |  3.2
Armour         | |  3.6
Dodging        | |  0.2
Shields        | |  3.4

Action                   || total
-------------------------++-------
Melee: War axe           ||    92
Throw: Dart              ||     2
  Use: Potion            ||     1
Armor: Scale mail        ||    16
       Chain mail        ||    31
Dodge: Dodged            ||    30
Block: Kite shield       ||    45

Table legend: (Time is in decaauts)
 A = Elapsed time spent in this place.
 B = Non-inter-level travel time spent in this place.
 C = Inter-level travel time spent in this place.
 D = Time resting spent in this place.
 E = Time spent auto-exploring this place.
 F = Levels seen in this place.
 G = Mean time per level.
                   A        B        C        D        E       F      G
               +--------+--------+--------+--------+--------+-----+--------+
         Total |   1431 |   1316 |    115 |    362 |    681 |   2 |  715.5 |
       Dungeon |   1431 |   1316 |    115 |    362 |    681 |   2 |  715.5 |
               +--------+--------+--------+--------+--------+-----+--------+

Top non-repeatable levels by time:
     D:1: 1377 daAuts
     D:2: 54 daAuts
